 Dungeon Crawl Stone Soup version 0.17-a0-915-g8914353 (webtiles) character file.

798 nubinia the Covered (level 7, -1/44 HPs)
             Began as a Gargoyle Fighter on May 4, 2015.
             Was a Believer of Zin.
             Slain by an ogre
             ... wielding a +0 giant spiked club
              (22 damage)
             ... on level 5 of the Dungeon.
             The game lasted 00:25:36 (5741 turns).

nubinia the Covered (Gargoyle Fighter)              Turns: 5741, Time: 00:25:37

Health: -1/44      AC: 13    Str: 22    XL:     7   Next: 90%
Magic:  8/8        EV:  8    Int:  8    God:    Zin [**....]
Gold:   241        SH: 10    Dex:  9    Spells: 0 memorised, 6 levels left

rFire  . . .     SeeInvis .     a - +0 flail
rCold  . . .     Clarity  .     b - +0 scale mail
rNeg   + + .     SustAb   .     c - +0 shield
rPois  ∞         Gourm    .     (helmet restricted)
rElec  +         Spirit   .     u - +0 cloak
rCorr  .         Warding  .     (no gloves)
rMut   .         Stasis   .     (no boots)
MR     .....                    (no amulet)
Stlth  +.........               y - ring of positive energy
                                k - ring of stealth

@: not resistant to hostile enchantments, very unstealthy
A: beak, negative energy resistance 1, electricity resistance, unbreathing,
petrification resistance, rot immunity, AC +4
a: Recite, Vitalisation, Renounce Religion


You were on level 5 of the Dungeon.
You worshipped Zin.
Zin was pleased with you.
You were near starving.

You visited 2 branches of the dungeon, and saw 6 of its levels.

You collected 267 gold pieces.
You donated 26 gold pieces to Zin.

Inventory:

Hand weapons
 a - a +0 flail (weapon)
Armour
 b - a +0 scale mail (worn)
 c - a +0 shield (worn)
 u - a +0 cloak (worn)
Jewellery
 k - a ring of stealth (left hand)
 y - a ring of positive energy (right hand)
Magical devices
 s - a wand of confusion (22)
Scrolls
 f - 2 scrolls of identify
 j - 3 scrolls of fog
 l - 2 scrolls of immolation
 o - a scroll of teleportation
 p - a scroll of fear
 q - 2 scrolls of amnesia {unknown}
 r - a scroll of random uselessness {unknown}
Potions
 d - a potion of degeneration {unknown}
 g - a potion of cure mutation
 m - a potion of curing
 n - 2 potions of lignification
Comestibles
 e - 6 bread rations
 i - 6 meat rations


   Skills:
 + Level 5.0 Fighting
 + Level 3.9 Maces & Flails
 + Level 5.4 Armour
 + Level 2.4 Dodging
 + Level 1.3 Stealth
 + Level 5.2 Shields
 * Level 2.2 Invocations


You had 6 spell levels left.
You didn't know any spells.

Dungeon Overview and Level Annotations

Branches:
Dungeon (5/15)             Temple (1/1) D:4

Altars:
Makhleb
Ru
Trog
Zin
The Shining One

Annotations:
D:3 Sigmund


Innate Abilities, Weirdness & Mutations

You are resistant to torment.
Your stone body is resilient (AC +4).
You are immune to poison.
You resist negative energy.
You are resistant to electric shocks.
You can survive without breathing.
You are immune to petrification.
You are immune to rotting.
You have a beak for a mouth.


Message History

d - a grey potion
Found 16 arrows.
HP restored.
An ogre comes into view. It is wielding a giant spiked club.
The ogre shouts!
A quasit comes into view.
The quasit gives a chilling moan.
You hit the ogre.
The ogre is moderately wounded.
The ogre hits you with a giant spiked club!
You hit the ogre but do no damage.
The ogre is moderately wounded.
The ogre hits you with a giant spiked club!
An ogre comes into view. It is wielding a giant spiked club.
The ogre shouts!
You hit the ogre. You peck the ogre.
The ogre is heavily wounded.
The ogre hits you with a giant spiked club!!
Ouch! That really hurt!
You die...

..##### #............# ###
#.......[(...# #...........## #
##........(..## #
#.....)...(...#########
##.........((..#.....#.
###.......#.#.#.#.#...
#.#.#.#.............
########..@..#.#.#...#.#...
###....##..#O#.#.............
##...........5..###...........
###.........................####
##......................######
#.......................# #
#................O....<.# .
#.......................# .
...................... .


You could see 2 ogres and a quasit.

Vanquished Creatures
  2 ogres (D:4)
  A centaur (D:5)
  A scorpion (D:4)
  Crazy Yiuf (D:5)
  6 orc wizards
  Jessica (D:2)
  5 worker ants
  The ghost of Viceroy the Shield-Bearer, a weakling FoFi (D:4)
  4 adders
  A shadow imp (D:5)
  An ooze (D:3)
  4 worms
  11 orcs
  3 giant cockroaches
  13 hobgoblins
  10 jackals
  8 kobolds
  2 quokkas
  7 bats
  A giant gecko (D:3)
  3 giant newts
  5 goblins
  A quokka skeleton (D:4)
  4 rats
96 creatures vanquished.

Notes
Turn   | Place    | Note
--------------------------------------------------------------
     0 | D:1      | nubinia, the Gargoyle Fighter, began the quest for the Orb.
     0 | D:1      | Reached XP level 1. HP: 14/14 MP: 1/1
   275 | D:1      | Reached XP level 2. HP: 19/19 MP: 2/2
  1171 | D:2      | Reached XP level 3. HP: 24/24 MP: 3/3
  1216 | D:2      | Noticed Jessica
  1223 | D:2      | Killed Jessica
  1223 | D:2      | Reached skill level 4 in Shields
  1223 | D:2      | Reached XP level 4. HP: 18/29 MP: 4/4
  1725 | D:2      | Found a burning altar of Makhleb.
  2026 | D:3      | Noticed Sigmund
  2084 | D:3      | Reached skill level 1 in Dodging
  2616 | D:3      | Reached XP level 5. HP: 33/33 MP: 5/5
  2931 | D:4      | Noticed Viceroy's ghost (weakling FoFi)
  2981 | D:5      | Entered Level 5 of the Dungeon
  3091 | D:5      | Noticed an ogre
  3113 | D:5      | Reached XP level 6. HP: 27/38 MP: 6/6
  3235 | D:5      | Noticed Crazy Yiuf
  3243 | D:5      | Killed Crazy Yiuf
  3420 | D:5      | Noticed a centaur
  3438 | D:5      | Killed a centaur
  3937 | D:5      | Reached skill level 1 in Stealth
  4157 | D:5      | Noticed an orc warrior
  4521 | D:4      | Found a staircase to the Ecumenical Temple.
  4536 | Temple   | Entered the Ecumenical Temple
  4549 | Temple   | Became a worshipper of Zin the Law-Giver
  4549 | Temple   | Acquired Zin's first power
  4650 | D:4      | Killed Viceroy's ghost
  4650 | D:4      | Reached XP level 7. HP: 39/44 MP: 7/7
  4745 | D:4      | Gained mutation: You have a beak for a mouth. [potion of mutation]
  4833 | D:4      | Reached skill level 5 in Armour
  4833 | D:4      | Reached skill level 5 in Shields
  5108 | D:4      | Acquired Zin's second power
  5584 | D:4      | Zin protects you from harm!
  5598 | D:4      | Killed an ogre
  5606 | D:4      | Reached skill level 1 in Invocations
  5612 | D:4      | Reached skill level 5 in Fighting
  5732 | D:5      | Noticed an ogre
  5741 | D:5      | Noticed an ogre
  5741 | D:5      | Slain by an ogre

Action                   |  1- 3 |  4- 6 |  7- 9 || total
-------------------------+-------+-------+-------++-------
Melee: Flail             |    82 |   266 |    56 ||   404
Invok: Recite            |       |       |     2 ||     2
  Use: Potion            |       |     4 |     5 ||     9
       Scroll            |       |     5 |     1 ||     6
  Eat: Chunk             |     1 |    12 |       ||    13
       Pizza             |       |       |     1 ||     1
